Map: Hecate LE

Players

EricZemmour - Winner!

  • Race: Zerg Zerg
  • League: Diamond
  • Spawn Location: 1:00

demzi

  • Race: Zerg Zerg
  • League: Diamond
  • Spawn Location: 7:00

VOD

Have the link to the VOD?

Description

Time

  • Played on: March 24, 2024, 5:42 p.m.
  • Length: 13:33
Show
View Real Time Build Order
Export as new Build Order

EricZemmour Zerg - Winner!

Build Orders: Hatch First, Lurkers, Zergling Baneling 

Get SALT Encoding   

  12  0:00  Drone  
  13  0:14  Overlord  
  13  0:18  Drone  
  14  0:29  Overlord  
  14  0:33  Drone  
  15  0:42  Drone  
  16  1:00  Hatchery  
  15  1:05  Extractor, Drone  
  15  1:11  Drone  
  16  1:13  Drone  
  17  1:29  Spawning Pool  
  16  1:33  Drone  
  16  1:37  Drone  
  18  1:52  Drone x2  
  20  2:07  Overlord  
  20  2:16  Queen x2  
  20  2:21  Metabolic Boost  
  24  2:44  Zergling x12  
  26  2:50  Baneling Nest  
  29  3:03  Zergling x4  
  31  3:12  Zergling x4  
  33  3:20  Overlord  
  33  3:22  Zergling x2  
  35  3:27  Zergling x6  
  35  3:30  Zergling x2  
  35  3:31  Zergling x4  
  35  3:34  Baneling x2  
  40  3:36  Baneling  
  40  3:37  Baneling  
  40  3:43  Baneling x2  
  40  3:44  Baneling x2  
  38  4:11  Zergling x2  
  38  4:12  Zergling x16  
  39  4:34  Zergling x6  
  39  4:39  Zergling x2  
  39  4:40  Queen  
  41  4:50  Zergling x4  
  42  4:56  Zergling x4  
  42  5:06  Zergling x2  
  42  5:12  Zergling x2  
  42  5:13  Zergling x6  
  44  5:20  Zergling x4  
  42  5:29  Drone  
  42  5:34  Evolution Chamber  
  42  5:35  Evolution Chamber  
  41  5:48  Drone  
  41  5:49  Drone x4  
  43  5:56  Baneling  
  43  5:57  Baneling x9  
  43  5:59  Baneling  
  43  6:00  Baneling  
  43  6:03  Baneling  
  43  6:09  Drone x2  
  45  6:15  Zerg Melee Weapons Level 1  
  45  6:27  Zergling x6  
  45  6:28  Zergling x4  
  49  6:44  Zergling x6  
  52  6:48  Overlord  
  52  6:49  Overlord x2  
  52  7:05  Overlord x2  
  52  7:06  Overlord  
  52  7:07  Zergling x2  
  52  7:08  Zergling x2  
  54  7:09  Zergling x2  
  55  7:18  Zergling x8  
  51  7:31  Zergling x10  
  51  7:32  Zergling x2  
  57  7:41  Drone  
  57  7:42  Drone  
  56  7:53  Zergling x2, Drone x3  
  60  8:00  Drone  
  60  8:03  Zerg Ground Armor Level 1  
  60  8:05  Drone  
  62  8:11  Drone x4  
  66  8:18  Drone  
  67  8:25  Zergling x4, Drone  
  70  8:33  Drone x2  
  71  8:55  Extractor  
  70  8:56  Extractor, Lair  
  70  8:59  Extractor  
  70  9:00  Hatchery  
  70  9:01  Zergling x8  
  70  9:02  Overlord x2  
  70  9:48  Zerg Missile Weapons Level 1  
  70  10:06  Infestation Pit, Hydralisk Den  
  68  10:08  Drone x3  
  72  10:14  Zergling x12  
  72  10:15  Zergling x4  
  79  10:40  Hydralisk x7  
  93  10:44  Grooved Spines  
  93  10:49  Lurker Den  
  92  10:56  Drone x4  
  96  11:02  Extractor  
  96  11:03  Drone x3  
  96  11:04  Extractor, Drone x2  
  97  11:06  Drone  
  100  11:19  Hydralisk x4  
  108  11:26  Hive  
  108  11:34  Muscular Augments  
  108  11:47  Lurker x4  
  112  12:10  Lurker x3  
  112  12:12  Lurker  
  94  12:51  Hydralisk x2  
  94  12:52  Zergling x2, Hydralisk x8  
  94  12:53  Hydralisk x3  
  111  13:04  Hydralisk  
  111  13:05  Hydralisk x3  
Show
View Real Time Build Order
Export as new Build Order

demzi Zerg 

Build Orders: Hatch First 

Get SALT Encoding   

  12  0:00  Drone  
  13  0:12  Overlord  
  13  0:16  Drone  
  14  0:32  Drone x2  
  16  0:58  Drone  
  16  0:59  Drone x2  
  19  1:05  Hatchery  
  19  1:10  Extractor  
  17  1:16  Spawning Pool  
  17  1:17  Drone  
  17  1:21  Drone  
  18  1:31  Drone  
  19  1:41  Drone  
  20  1:53  Overlord  
  20  2:03  Queen  
  20  2:07  Overlord  
  22  2:18  Queen  
  22  2:19  Zergling x2  
  22  2:22  Zergling x2  
  26  2:31  Drone  
  26  2:32  Drone  
  28  2:45  Drone  
  28  2:46  Drone  
  28  2:50  Drone x2  
  32  3:15  Roach Warren  
  32  3:16  Spine Crawler  
  32  3:19  Spine Crawler  
  29  3:22  Spine Crawler  
  29  3:25  Spine Crawler  
  29  3:26  Zergling x16  
  35  3:33  Drone x3  
  38  3:44  Roach Warren  
  38  3:46  Overlord  
  37  3:53  Overlord  
  35  4:15  Drone x4  
  34  4:31  Roach  
  34  4:32  Roach x4  
  37  4:38  Roach x2  
  33  4:48  Roach  
  33  4:49  Roach  
  37  4:57  Roach  
  37  4:58  Roach  
  33  5:08  Roach  
  33  5:09  Roach  
  31  5:23  Roach x2  
  29  5:31  Roach x2  
  33  5:45  Roach x2  
  33  5:49  Roach  
  37  6:00  Queen  
  39  6:07  Roach  
  39  6:10  Roach  
  43  6:26  Overlord  
  43  6:31  Roach  
  45  6:46  Lair  
  45  6:47  Roach x2  
  49  7:04  Roach x2  
  53  7:20  Overlord x2  
  53  7:22  Spine Crawler  
  48  7:49  Roach x3  
  52  8:17  Hatchery  
  52  8:22  Roach x4  
  59  8:34  Drone, Spine Crawler  
  58  8:38  Spine Crawler  
  58  8:52  Drone x3  
  58  8:53  Extractor  
  60  9:20  Spire  
  60  9:21  Drone  
  60  9:52  Overlord x2  
  60  10:31  Mutalisk x4  
  68  10:37  Mutalisk  
  70  10:51  Mutalisk  
  72  11:06  Mutalisk  
  74  11:16  Overlord  
  74  11:25  Mutalisk  
  76  11:45  Mutalisk  
  78  12:04  Mutalisk  
  80  12:22  Mutalisk  
  62  12:55  Mutalisk  
  62  12:57  Mutalisk  
Tags
 
Add a new tag
Caveats
  • Supply blocks, unpowered buildings, or Contaminate may cause inaccurate times.
  • Supply counts are checked every 10 seconds.